[Event "Paris FIDE GP"]
[Site "Elancourt"]
[Date "2013.09.23"]
[Round "2"]
[White "Ponomariov, Ruslan"]
[Black "Giri, Anish"]
[Result "1/2-1/2"]
[ECO "C42"]
[WhiteElo "2756"]
[BlackElo "2737"]
[Annotator "ChessBase Website"]
[PlyCount "100"]
[EventDate "2013.09.22"]
[EventType "tourn"]
[EventRounds "11"]
[EventCountry "FRA"]
[EventCategory "20"]
[SourceTitle "CBM 157"]
[Source "ChessBase"]
[SourceDate "2013.11.12"]
[SourceVersion "1"]
[SourceVersionDate "2013.11.12"]
[SourceQuality "1"]
[TimeControl "40/7200:20/3600:900+30"]
[WhiteClock "2:00:00"]
[BlackClock "2:00:00"]

1. e4 e5 2. Nf3 Nf6 3. Nxe5 d6 4. Nf3 Nxe4 5. Nc3 Nxc3 6.
dxc3 Be7 7. Be3 Nc6 8. Qd2 Be6 9. O-O-O Qd7 10. Kb1 Bf6 11.
Bg5 Bxg5 12. Nxg5 O-O-O 13. Nxe6 Qxe6 14. g3 Kb8 $146 15. Bg2 Rhe8 16. Bd5 Qd7 17. Qg5 f6 18. Qh4 h6 $11 {[%emt 0:01:16]
Ponomariov was unable to obtain much against Giri's Petroff. The bishop
against knight duel really didn't favor the bishop. At least some credit has
to be given to Ponomariov as he refused a repetition in an equal position to
try to play for more. Even though he wasn't able to push through in the end it
is refreshing that at least one player wanted to play chess today.} 19. Rd2 Re7 20. b3 Rde8 21. Kb2 Ne5 22. Qb4 Nc6 23. Qf4 Ne5 24. Qb4 Nc6 25. Qf4 Ne5 26. h3 c6 27. Bg2 Qc7 28. c4 Nf7 29. Qf5 Qb6 $1 30. Rhd1 Qc5
$132 31. Qxc5 dxc5 32. h4 Kc7 33. Bh3 Rd8 34. Rxd8 Nxd8 35. a4 a5 36. Bf5 Nf7 37. Kc1 Ne5 38. c3 g6 39. Bc2 f5 40. h5 gxh5 41. Rh1 Ng4 42. Bxf5 Nxf2 43. Rxh5 Rg7 44. Rh2 Ng4 45. Bxg4 Rxg4 46. Rxh6 Rxg3 47. Kc2 Rg2+ 48. Kc1 Rg1+ 49. Kc2 Rg2+ 50. Kc1 Rg1+ 1/2-1/2

[Event "Paris FIDE GP"]
[Site "Elancourt"]
[Date "2013.10.03"]
[Round "10"]
[White "Ivanchuk, Vassily"]
[Black "Giri, Anish"]
[Result "1/2-1/2"]
[ECO "C42"]
[WhiteElo "2731"]
[BlackElo "2737"]
[Annotator "ChessBase Website"]
[PlyCount "66"]
[EventDate "2013.09.22"]
[EventType "tourn"]
[EventRounds "11"]
[EventCountry "FRA"]
[EventCategory "20"]
[SourceTitle "CBM 157"]
[Source "ChessBase"]
[SourceDate "2013.11.12"]
[SourceVersion "1"]
[SourceVersionDate "2013.11.12"]
[SourceQuality "1"]
[TimeControl "40/7200:20/3600:900+30"]
[WhiteClock "2:00:00"]
[BlackClock "2:00:00"]

1. e4 e5 2. Nf3 Nf6 3. Nxe5 d6 4. Nf3 Nxe4 5. d4 d5 6. Bd3 Be7 7. O-O Nc6 8. c4 Nb4 9. Be2 O-O 10. Nc3 Bf5 11. a3 Nxc3 12. bxc3 Nc6 13. Re1 Re8 14. cxd5 Qxd5 15. Bf4 Rac8 16. Qc1 Qd7 17. Qb2 $146 (17. Bb5 Bd6
18. Ne5 Bxe5 19. Bxe5 a6 20. Qg5 Bg6 21. Bxc6 Qxc6 22. Qg3 f6 23. Bf4 Qc4 24.
h3 c5 25. Be3 b6 26. Rac1 Qb5 27. d5 Qb3 28. d6 Rcd8 29. Bf4 Qxa3 30. Ra1 Rxe1+
31. Rxe1 Qb3 32. Qf3 Re8 33. Ra1 a5 34. Qc6 Qxc3 35. Rc1 Qd3 36. Qxb6 c4 37.
Qc7 Bf5 38. Qxa5 h6 39. Qc5 Rc8 {1/2-1/2 (39) Lang,M (2456)-Eilmes,D (2349)
ICCF email 2006}) 17... Bd6 18. Bxd6 cxd6 19. Bb5 d5 20. Ne5 Qc7 21. Qd2 f6 22.
Nxc6 bxc6 23. Bd3 Bxd3 24. Qxd3 Qd7 25. h3 g6 {[%emt 0:03:16] The Petroff landed the players in a truly
symmetrical position that was very much dead drawn from move 25.} 26. Rab1 Rxe1+ 27. Rxe1 Re8 28. Re2 Rxe2 29. Qxe2 Kf7 30. Qa6 g5 31. Qd3 Kg7 32. Qa6 Kf7 33. Qd3 Kg7 1/2-1/2

[Event "Paris FIDE GP"]
[Site "Elancourt"]
[Date "2013.09.28"]
[Round "6"]
[White "Ponomariov, Ruslan"]
[Black "Dominguez Perez, Leinier"]
[Result "1/2-1/2"]
[ECO "C42"]
[WhiteElo "2756"]
[BlackElo "2757"]
[Annotator "ChessBase Website"]
[PlyCount "62"]
[EventDate "2013.09.22"]
[EventType "tourn"]
[EventRounds "11"]
[EventCountry "FRA"]
[EventCategory "20"]
[SourceTitle "CBM 157"]
[Source "ChessBase"]
[SourceDate "2013.11.12"]
[SourceVersion "1"]
[SourceVersionDate "2013.11.12"]
[SourceQuality "1"]
[TimeControl "40/7200:20/3600:900+30"]
[WhiteClock "2:00:00"]
[BlackClock "2:00:00"]

1. e4 e5 2. Nf3 Nf6 3. Nxe5 d6 4. Nf3 Nxe4 5. d4 d5 6. Bd3 Nc6 7. O-O Be7 8. c4 Nb4 9. Be2 O-O 10. Nc3 Bf5 11. a3 Nxc3 12. bxc3 Nc6 13. Bf4 dxc4 14. Bxc4 Bd6 15. Bg5 Qd7 16. Nh4 Na5 17. Bd3 Bxd3 18.
Qxd3 Qg4 19. Nf3 Qe6 20. Rfe1 Qd5 21. Be7 Rfe8 22. Ng5 f5 23. Bxd6 cxd6 24. Qh3 $146 (24. Nh3 Nc4 25. Nf4 Qf7 26. d5 Ne5 27. Qc2 Rac8 28. Ne6 Qg6 29. Nd4 f4
30. Qxg6 hxg6 31. Nb5 Red8 32. Nxa7 Rxc3 33. Nb5 Rc5 34. Nxd6 Rxd6 35. Rxe5
Rcxd5 36. Rxd5 Rxd5 37. Rb1 {1/2-1/2 (33) Alekseev,E (2711)-Ivanchuk,V (2740)
Dagomys 2008}) 24... h6 25. Qh5 {[%emt 0:00:53] Ponomariov
was simply unable to put a dent in Dominguez's Petroff and he had to settle
for a draw to make sure that his pawn structure didn't become a serious issue.}
Rxe1+ 26. Rxe1 hxg5 27. Re8+ Rxe8 28. Qxe8+ Kh7 29. Qh5+ Kg8 30. Qe8+ Kh7 31. Qh5+ Kg8 1/2-1/2

[Event "Nanjing Pearl Spring 3rd"]
[Site "Nanjing"]
[Date "2010.10.29"]
[Round "9"]
[White "Bacrot, Etienne"]
[Black "Wang, Yue"]
[Result "1/2-1/2"]
[ECO "C42"]
[WhiteElo "2716"]
[BlackElo "2732"]
[Annotator "Edouard,R"]
[PlyCount "54"]
[EventDate "2010.10.20"]
[EventType "tourn"]
[EventRounds "10"]
[EventCountry "CHN"]
[EventCategory "21"]
[SourceTitle "CBM 139"]
[Source "ChessBase"]
[SourceDate "2010.11.18"]
[SourceVersion "1"]
[SourceVersionDate "2010.11.18"]
[SourceQuality "1"]
[TimeControl "40/7200:20/3600:900+30"]

1. e4 e5 2. Nf3 Nf6 3. Nxe5 d6 4. Nf3 Nxe4 5. d4 d5 6. Bd3 Nc6 7. O-O Be7 8.
Nc3 Nxc3 (8... Bf5 $5 {is another fashionable possibility. There follows 9.Qe1
or 9.Re1.}) 9. bxc3 Bg4 (9... O-O 10. h3 $1 {is just better for White: Black's
white-squared bishop is lacking potencial and White has some free play on the
kingside.}) 10. Re1 O-O 11. Bf4 Bh5 $5 (11... Bd6 12. Bxd6 Bxf3 (12... cxd6 $5
13. Re3 $1 {and Black got problems every time, facing both Qe2/Re1 ideas and
Rb1-Rb5 ideas. Still, I believe this should also be critical.}) 13. Qxf3 (13.
Bxc7 Bxd1 14. Bxd8 Bxc2 $11) 13... Qxd6 14. Re3 $1 {and the last important
game on this line was the following:} Rae8 15. Rae1 Rxe3 16. Rxe3 g6 17. h4 Nb8
18. h5 Nd7 19. g4 Nf6 20. h6 Kh8 21. Re5 c6 22. c4 Ng8 23. Qe3 dxc4 24. Bxc4 g5
25. Rxg5 Nxh6 26. Qe4 f6 27. Rh5 f5 28. gxf5 Nxf5 29. Be6 Qxd4 30. Rxh7+ {
1-0 Leko,P (2751)-Kasimdzhanov,R (2695)/Nalchik RUS 2009}) 12. Rb1 Rb8 {
Better not to weakness anything.} 13. Qe2 Bd6 14. Qe3 Qd7 $1 (14... Bxf4 15.
Qxf4 Bxf3 16. Qxf3 Qd6 {This position is similar to the game Leko-Kasimdzhanov
mentioned above. Actually, even exactly the same, with Rb1 and ...Rb8 moves
included!} 17. Re3 g6 18. h4 Kg7 19. h5 Rfe8 20. Rbe1 Rxe3 21. Qxe3 a6 22. a4
Qa3 23. Be2 Qd6 24. Bf3 Rd8 25. h6+ Kf8 26. c4 Qf6 27. Qa3+ Qd6 28. Qe3 Qf6 29.
Qa3+ Qd6 30. Qc3 Qb4 31. Qxb4+ {1/2-1/2 Sasikiran,K (2677)-Wang,Y (2698)/
Vishakapatnam IND 2008}) 15. Ng5 $146 {An interesting try, but apparently a
draw by force. Sometimes (often?) the opponent knows or finds the best defense,
what can you do?} (15. Ne5 Bxe5 16. dxe5 Bg6 17. Bxg6 hxg6 18. Rbd1 Qe6 19. Bg5
Rbe8 20. Qd2 Nxe5 21. Bf4 Qf5 22. Bxe5 Rxe5 23. Rxe5 Qxe5 24. Qxd5 Qxc3 25.
Qxb7 Qxc2 26. Qb3 Qxb3 27. axb3 Rb8 28. Rd3 Kf8 29. Rc3 Rb7 30. Re3 Rb6 31. Kf1
Re6 32. Rc3 c6 33. Rc4 Ke8 34. Rd4 Re5 35. h4 Ke7 36. g3 Ke6 37. Kg2 Rb5 38.
Rd3 a5 39. g4 Rd5 40. Rf3 Rd4 41. Kg3 c5 42. Re3+ Kd7 43. f3 Rb4 44. f4 Kc6 45.
h5 gxh5 46. gxh5 Rb7 47. Kg4 Kd5 48. Kf5 Kd4 49. Rg3 f6 50. Kg6 a4 51. bxa4 c4
52. f5 c3 53. Rg1 c2 54. Rc1 Kc3 55. h6 gxh6 56. Kxf6 Kd2 57. Rh1 c1=Q 58. Rxc1
Kxc1 59. a5 Ra7 60. Kg6 Rxa5 61. f6 Ra6 {0-1 Smeets,J (2651)-Gelfand,B (2750)/
FRA 2010}) 15... h6 16. Nh3 Bg4 $5 17. Qg3 Bxh3 18. Bxd6 cxd6 19. Qxh3 (19.
gxh3 Rbe8 {is just OK for Black.}) 19... Qxh3 20. gxh3 Rfd8 21. Rb5 Kf8 22.
Reb1 (22. Rxd5 Rbc8 {probably makes almost no difference.}) 22... b6 23. Rxd5
Rbc8 24. c4 Ke7 25. Re1+ Kf8 26. Rb1 Ke7 27. Re1+ Kf8 {White is up a pawn, but
we must just have a glance at the right side of the board (plus doubled
c-pawns) to understand that Black enjoys full compensation.} 1/2-1/2

[Event "EU-ch 12th"]
[Site "Aix les Bains"]
[Date "2011.03.30"]
[Round "8"]
[White "Nepomniachtchi, Ian"]
[Black "Fridman, Daniel"]
[Result "1-0"]
[ECO "C42"]
[WhiteElo "2729"]
[BlackElo "2661"]
[Annotator "Marchand,A/Primel,D"]
[PlyCount "167"]
[EventDate "2011.03.22"]
[EventType "swiss"]
[EventRounds "11"]
[EventCountry "FRA"]
[SourceTitle "CBM 142 Extra"]
[Source "ChessBase"]
[SourceDate "2011.06.27"]
[SourceVersion "1"]
[SourceVersionDate "2011.06.27"]
[SourceQuality "1"]
[TimeControl "40/5400+30:1800+30"]

1. e4 e5 2. Nf3 Nf6 3. Nxe5 d6 4. Nf3 (4. Nxf7 Kxf7 5. d4 c5 6. Bc4+ d5 (6...
Be6 7. Bxe6+ Kxe6 $13)) 4... Nxe4 5. d4 (5. Nc3) 5... d5 6. Bd3 Nc6 (6... Be7
7. O-O Nc6 8. Re1 Bg4 (8... Bf5 9. c4 Nb4 10. Bf1 O-O 11. a3 Nc6 12. Nc3 Nxc3
13. bxc3 dxc4 14. Bxc4 Bd6 (14... Bg4) (14... Qd7) 15. Bg5 $14 Qd7 16. Nh4 Na5
17. Ba2 b5 18. a4 a6 19. axb5 axb5 20. Nxf5 Qxf5 21. Be7 Rfb8 {Karpov,A (2720)
-Portisch,L (2630) Turin 1982 (6) 1-0} (21... Rfe8 22. Bxd6 $36) (21... Bxe7
22. Rxe7 c6))) (6... Bd6 7. O-O O-O 8. c4 c6 9. Nc3 Nxc3 10. bxc3 Bg4 (10...
dxc4) 11. cxd5 cxd5 12. Rb1 Nd7) 7. O-O Be7 (7... Bg4 8. c4 $1) 8. Nc3 Bf5 (
8... Nxc3) 9. Re1 (9. Qe1 ) 9... Nxc3 10. bxc3 Bxd3 11.
Qxd3 O-O 12. Rb1 (12. Bf4 Bd6 13. Ng5 g6 14. Qh3 h5 15. Qg3 (15.
Qf3 Qf6 16. Bxd6 Qxf3 17. gxf3 cxd6 18. Rab1 b6 19. Rb5 Rac8 20. Rxd5 Na5 21.
Rxd6 Rxc3 22. Rd7 Rxc2 23. d5 Rcc8 24. Ree7 Rce8 25. d6 Nc4 26. Ne6 Nxd6 27.
Nxf8 Rxe7 28. Rxe7 Kxf8 29. Rxa7 Kg7 {Guliyev,N (2516)-Fridman,D (2650)/Rijeka
2010/CBM 136/1-0 (34)}) 15... Qf6 16. Bxd6 cxd6 17. Nh3 Rae8 18. Qf4 Rxe1+ 19.
Rxe1 Kg7 20. Qg3 Qf5 21. Nf4 b5 22. h4 Rd8 23. Qg5 Qxg5 24. hxg5 b4 25. cxb4
Nxb4 26. c3 Nxa2 {Topalov,V (2801)-Bacrot,E (2717)/Morelia/Linares 2006/CBM
112/1/2-1/2 (54)}) 12... Rb8 (12... Na5 $5 13. Bf4 Bd6 14. Bxd6 {Sutovsky,E (2650)-Hera,I (2574) EU-ch 11th Rijeka 2010 
(5) 1-0}) (12... b6) 13. Bf4 Qd7 $146 ({RR} 13... a6 14. Re3 Bf6 15. Rbe1 b5
16. Qf5 Ne7 17. Qg4 Ng6 18. Bg3 Rb6 19. h4 Ne7 20. Be5 Nc8 21. Bxf6 Rxf6 22.
Ne5 Re6 23. h5 Rfe8 24. h6 Qf6 25. hxg7 Qxg7 26. Qh5 Nd6 27. Rg3 Rg6 28. Ree3 {
Pugachov,A (2462)-Fitel,V (2286)/Kurgan 2010/CBM 135 Extra/1-0 (31)}) 14. Re2
$1 a6 (14... Rfe8) 15. Rbe1 $14 Rbe8 (
15... Bf6) 16. Qe3 f6 {[%csl Re6] La position Noire, est passive mais trés
solide} 17. Qe6+ {[%cal Gf4c7] Un choix discutable car même si les Blancs
gagnent un P, les Noirs ont des compensations} Qxe6 18. Rxe6 Kf7 19. Bxc7 Ba3
$1 20. Rxe8 Rxe8 21. Rb1 (21. Rxe8 Kxe8 {Malgré le P perdu, les Noirs peuvent
probablement annuler la finale car la structure Blanche n'est pas trés bonne.}
) 21... b5 22. Kf1 g5 $44 23. Nd2 $1 Rc8 $1 24. Bb6 Rb8 25. Bc5
Bxc5 26. dxc5 $11 Rc8 27. Nb3 Nd8 (27... Ne5 ) 28. Rd1 Nb7 29. Rxd5 Ke6 30. Rd1 Nxc5 31. Nd4+ Kf7 32. Nf5 Ne4 33. Re1 Rc5 (33... Nd2+ 34. Ke2 Nc4 $11)
34. Rxe4 (34. g4 Nxc3 35. Re7+ Kg8 ) 34... Rxf5 35. Ke2 h5 36. c4
b4 37. Kd3 $1 {[%csl Gc4,Ge4,Rf7][%cal Gc4c8] Le K noir est coupé et le P
passé "c" peut-être dangereux} g4 (37... Rxf2 $2 38. c5 $40) 38. c3 Rxf2 39. c5
$1 f5 40. Re5 g3 $1 41. h4 Kf6 42.
c6 $3 Kxe5 43. c7 bxc3 $2 (43... Rf3+ $3 44. gxf3 g2
45. c8=Q g1=Q) 44. c8=Q c2 45. Qc5+ Kf6 46. Qf8+ Ke6 47. Qg8+ Kd7 48. Qg7+ Kc8
49. Qh6 (49. Qf8+ Kd7 50. Qf7+ Kd6 51. Qf6+ Kc5 52. Qc3+) 49... f4 50. Qxa6+
Kd7 51. Qb5+ Kd6 52. Qb4+ Kd7 53. Qd4+ Ke8 54. Qe5+ Kd7 55. Qd5+ Ke7 56. Qc5+
Kd7 57. Ke4 f3 58. gxf3 g2 59. Qxf2 (59. Qf5+) 59... c1=Q 60. Qxg2 Qc4+ 61. Kf5
Qf7+ 62. Ke5 Qe7+ 63. Kf4 Qxh4+ {Les Noirs ont maintenant des bonnes de nulle
car le K Blanc peut difficilement éviter les échecs perpétuels} 64. Kf5 Qd4 65.
Qh3 Ke7 66. Qxh5 Qd5+ 67. Kg6 Qg8+ (67... Qxa2) 68. Kh6
Qh8+ 69. Kg5 Qf6+ 70. Kg4 Qe6+ 71. Qf5 Qxa2 72. f4 Qa1 73. Kg5 Qg7+ 74. Qg6 Qa1
75. Qe4+ Kf8 76. Qf5+ Ke7 77. Kg6 Qa6+ 78. Kh7 Qe2 $4 $138 {Il restait moins
d'une minute pour les Noirs en phase KO} (78... Qb7 ) 79.
Qg5+ Kf7 80. Qg7+ Ke8 81. Qg6+ Kf8 82. Qf6+ Ke8 83. Kg7 Qc4 84. Qf8+ 1-0

[Event "Sautron op 16th"]
[Site "Sautron"]
[Date "2016.10.29"]
[Round "9.1"]
[White "Zubarev, Alexander2"]
[Black "Istratescu, Andrei"]
[Result "1/2-1/2"]
[ECO "C42"]
[WhiteElo "2525"]
[BlackElo "2600"]
[Annotator "Primel,D"]
[PlyCount "52"]
[EventDate "2016.10.22"]
[EventType "swiss"]
[EventRounds "9"]
[EventCountry "FRA"]
[SourceTitle "EXT 2019"]
[Source "ChessBase"]
[SourceDate "2018.10.10"]
[SourceVersion "1"]
[SourceVersionDate "2018.10.10"]
[SourceQuality "1"]
[TimeControl "40/5400+30:1800+30"]
[WhiteClock "0:35:37"]
[BlackClock "1:05:03"]

1. e4 e5 2. Nf3 Nf6 {
[%emt 0:00:10] Une nulle assurait la victoire dans le tournoi pour Andréi} 3.
Nxe5 d6 4. Nf3 Nxe4 5. Nc3 {[%emt 0:01:33] La défense russe est moins populaire
depuis quelques années notamment à cause de cette variante Nc3 qui donne des
bons résultats aux Blancs} Nxc3 (5... Nf6 6. d4 $14) 6. dxc3 Be7 7. Be3 (7. Bf4) 7... Nc6 8. Qd2 Be6 (8...
O-O {L'alternative}) 9. O-O-O a6 {[%emt 0:02:41] Qd7 est plus
courant mais c'est probablement une simple transposition} (9... Qd7 10. Kb1 (
10. h4) 10... Bf6 (10... O-O-O 11. Nd4 $1 Nxd4 12. Qxd4 $1 {[%cal Gd4a7,Gd4g7]
Une double attaque qui justifie le coup prophylactique a6})) 10. Bd3 $5 {
[%emt 0:17:42] Une ligne secondaire et ce n'était probablement pas une
préparation car les Blancs ont réfléchi longuement.} (10. Ng5 Bxg5 11. Bxg5
Qd7 12. b3 f6 13. Be3 O-O-O 14. h3 Qf7 15. Be2 h5 16. Rhe1 Rhe8 17. f3 Qg6 18.
Bf1 Bf5 19. Kb2 Re5 20. Bf4 Rxe1 21. Rxe1 Re8 22. Rd1 Bd7 23. c4 Qf5 24. Bd3
Qc5 25. Bg6 Rh8 26. Be4 Re8 27. c3 g5 28. Be3 Qe5 29. Bf2 f5 30. Bd3 Qg7 31. c5
dxc5 32. Bxc5 Kb8 33. Bc4 Bc8 34. Bd5 Qe5 35. Bxc6 bxc6 36. Bf2 Qe2 37. Ka3
Qxd2 38. Rxd2 Kb7 39. h4 g4 {Topalov,V (2757)-Anand,V (2786) Linares 2005 1/
2-1/2 (69)}) (10. Kb1 {La grande ligne} Qd7 11. h4 $14 (11. h3 O-O-O 12. Ng5
Bxg5 13. Bxg5 $14) 11... h6 (11... O-O-O) 12. Nd4 Nxd4 13. Bxd4 (13. cxd4 d5
$11) 13... Rg8 $5) (10. h4 h6 (10... Qd7 11. Kb1 (11. Ng5 Bxg5 12. hxg5 $14 ) 11... h6) 11. Bd3) (10. Be2 {Ce coup parait moins
actif mais il a le mérite d'éviter les échanges sur Ne5 attaquant le Bd3}
Qd7 11. Kb1 Bf6 {Ivanchuk,V (2746)-Wang,Y (2738) Sofia MTel Masters 5th 2009 
(2) 0-1}) 10... Qd7 (10... h6 11. Kb1 Qd7 12. h4 Ne5 $1 (12...
Bf6 13. Qe2 Ne5 14. Nxe5 Bxe5 15. a3 Bf6 (15... O-O-O) 16. f3 Qa4 $13 {Caruana,
F (2767)-Thorfinnsson,B (2421) Reykjavik op 2012 (6) 1-0}) 13. Nxe5 dxe5 $132 {
Nisipeanu,L (2690)-Erenburg,S (2582) Bundesliga 0607 2006 (11.2) 1/2}) 11. Ng5
$5 (11. Kb1 O-O-O) 11... Ne5 {[%emt 0:03:47] La
simplification commence et il est probable que la nulle soit proposée après
le 25ème coup qui était le minimum imposé par le réglement.} 12. Nxe6 Qxe6 13. Kb1 Nxd3 14. Qxd3 O-O 15. Rhe1 Rfe8 16. f3 Bf8 17. Bf2 Qg6 18. Qxg6 hxg6 19. Rxe8 Rxe8 20. Re1 {[%emt 0:00:06]
Les deux adversaires jouent trés vite et la nulle est inéluctable.} Rxe1+ 21. Bxe1 f6 22. c4 Kf7 23. Kc1 Ke6 24.
Kd2 d5 25. cxd5+ Kxd5 26. Kd3 Bd6 1/2-1/2

[Event "Plancoet op-A 10th"]
[Site "Plancoet"]
[Date "2013.07.29"]
[Round "2"]
[White "Milchev, Nikolay"]
[Black "Kukov, Velislav"]
[Result "1/2-1/2"]
[ECO "C42"]
[WhiteElo "2433"]
[BlackElo "2370"]
[Annotator "RR"]
[PlyCount "44"]
[EventDate "2013.07.28"]
[EventType "swiss"]
[EventRounds "9"]
[EventCountry "FRA"]
[SourceTitle "EXT 2017"]
[Source "ChessBase"]
[SourceDate "2016.10.25"]
[SourceVersion "1"]
[SourceVersionDate "2016.10.25"]
[SourceQuality "1"]
[TimeControl "40/5400+30:1800+30"]

1. e4 e5 2. Nf3 Nf6 3. Nxe5 d6 4. Nf3 Nxe4 5. Qe2 Qe7 6. d3 Nf6 7. Bg5 Qxe2+ 8.
Bxe2 Be7 9. Nc3 O-O 10. O-O c6 11. Rfe1 Nbd7 (11... h6 12. Bf4 Re8 {1/2-1/2 
(12) Gurevich,I (2585)-Dzindzichashvili,R (2540) New York 1994}) 12. d4 Re8 13.
h3 Nf8 14. Bd3 {(=)} Be6 {Les Noirs refusent mais ils ne vont pas insister
longtemps} 15. Ne4 Nxe4 16. Bxe4 Bxg5 17. Nxg5 Bd5 18. Bxd5 cxd5 19. Kf1 h6 20.
Rxe8 Rxe8 21. Nf3 Nd7 22. Re1 Rxe1+ 1/2-1/2